 Dungeon Crawl Stone Soup version 0.28-a0-194-g42b4daccc1 (webtiles) character file.

Game seed: 17844724798990804927

213 pokeman the Magician (level 5, -4/29 HPs)
             Began as a Deep Elf Hedge Wizard on Aug 18, 2021.
             Killed from afar by an orc wizard (9 damage)
             ... with a magic dart
             ... on level 3 of the Dungeon.
             The game lasted 00:06:13 (2977 turns).

pokeman the Magician (Deep Elf Hedge Wizard)        Turns: 2977, Time: 00:06:14

Health: -4/29      AC:  3    Str:  7    XL:     5   Next: 59%
Magic:  1/15       EV: 12    Int: 20    God:
Gold:   118        SH:  0    Dex: 20    Spells: 5/16 levels left

rFire   . . .      SeeInvis .   h - +2 dagger (venom)
rCold   . . .      Faith    .   (no shield)
rNeg    . . .      Spirit   .   e - +0 leather armour
rPois   .          Reflect  .   c - +0 hat
rElec   .          Harm     .   (no cloak)
rCorr   .          Rampage  .   (no gloves)
Will    .....                   (no boots)
Stlth   +.........              (no amulet)
HPRegen 0.09/turn               a - +6 ring of dexterity
MPRegen 0.14/turn               (no ring)

@: confused
A: no striking features
a: no special abilities


You were on level 3 of the Dungeon.
You visited 1 branch of the dungeon, and saw 3 of its levels.

You collected 118 gold pieces.

Inventory:

Hand Weapons
 h - a +2 dagger of venom (weapon)
Missiles
 i - 48 arrows
Armour
 c - a +0 hat (worn)
 e - a +0 leather armour (worn)
Magical Staves
 j - a staff of conjuration
Jewellery
 a - a +6 ring of dexterity (left hand)
 d - a ring of ice
Scrolls
 b - 3 scrolls of teleportation {unknown}
 f - 2 scrolls of amnesia {unknown}
 g - 3 scrolls of identify {unknown}
 k - a scroll of magic mapping {unknown}


   Skills:
 - Level 1.0 Fighting
 - Level 1.0 Armour
 - Level 3.0 Dodging
 + Level 2.9 Stealth
 * Level 6.4 Spellcasting
 + Level 2.8 Conjurations
 - Level 1.1 Summonings
 - Level 1.1 Translocations
 - Level 1.0 Fire Magic
 + Level 0.8 Air Magic


You had 5 spell levels left.
You knew the following spells:

 Your Spells              Type           Power      Damage    Failure   Level
a - Magic Dart            Conj           68%        1d6       4%          1
b - Mephitic Cloud        Conj/Pois/Air  11%        N/A       26%         3
c - Call Imp              Summ           10%        N/A       14%         2
d - Blink                 Tloc           N/A        N/A       14%         2
e - Conjure Flame         Conj/Fire      14%        6-21      21%         3

Your spell library contained the following spells:

 Spells                   Type           Power      Damage    Failure   Level
 Slow                     Hex            6%         N/A       22%         2


Dungeon Overview and Level Annotations

Branches:
Dungeon (3/15)

Altars:


Message History

Press: ? - help, Shift-Dir - straight line The magic dart hits something.
Casting: Magic Dart (safe; 4% risk of failure)
Confirm with . or Enter, or press ? or * to list all spells.
You don't have enough magic to cast this spell.
There is an open door here.
Things that are here:
a +0 club; a +0 flail; a +0 ring mail You close the door, pushing everything out of the way.
You start resting.
Your magical contamination has completely faded away.
You start resting.
There is a strange disturbance nearby!
You open the door.
Your crimson imp easily resists.
There is an open door here.
Things that are here:
a +0 ring mail; a +0 short sword There's a creature in the doorway!
Your crimson imp closely misses the orc wizard.
You see here an adder corpse.
The orc wizard hits your crimson imp with a +0 dagger.
Your crimson imp hits the orc wizard.
Things that are here:
a +0 whip; a +0 ring mail; an orc corpse Something barely misses your crimson imp.
Your crimson imp disappears in a puff of smoke!
Casting: Magic Dart (safe; 4% risk of failure)
Confirm with . or Enter, or press ? or * to list all spells.
A beastly little devil appears in a puff of flame.
Your crimson imp blinks!
The orc wizard casts a spell at you.
You are confused.
You bump into the rock wall.
You bump into the rock wall.
You bump into the rock wall.
You're too confused to move!
The orc wizard points at you and mumbles some strange words.
The magic dart hits you!
You die...

#.#........)........
#...................
###...##......#.####
#####.#.##.####.# ..
#.....#.##.# #.# ..[
##.#####..#.# #5# ..
.......##.#.# #.# $
.......# .#.# #o# .......#
.#.# #@#.... .......# ...#
#.#... ##.######
..#....#... ........#
..#.####...
........###.#........
........'...#).###.#####
........###....#...#<#..
...............#.#)#.#.###
(................#.#.#...


You could see an orc wizard (ally target) and a friendly crimson imp (summoned).

Vanquished Creatures
  A centaur zombie (D:3)
  An orc priest (D:3)
  A killer bee zombie (D:3)
  5 adders
  3 worms (D:2)
  A dart slug (D:1)
  3 orcs
  5 endoplasms
  2 giant cockroaches (D:1)
  4 hobgoblins
  7 jackals
  10 kobolds
  3 quokkas
  3 ball pythons (D:1)
  8 bats
  6 goblins
  5 rats
68 creatures vanquished.

Vanquished Creatures (collateral kills)
  2 orcs (D:3)
  A goblin (D:3)
3 creatures vanquished.

Vanquished Creatures (others)
  A plant (D:2)
1 creature vanquished.

Grand Total: 72 creatures vanquished

Notes
Turn   | Place    | Note
-------+----------+-------------------------------------------
     0 | D:1      | pokeman the Deep Elf Hedge Wizard began the quest for the
                  | Orb.
     0 | D:1      | Reached XP level 1. HP: 10/10 MP: 7/7
   209 | D:1      | Reached XP level 2. HP: 15/15 MP: 2/9
   884 | D:1      | Reached skill level 5 in Spellcasting
  1022 | D:1      | Found a faded altar of an unknown god.
  1268 | D:2      | Reached XP level 3. HP: 20/20 MP: 9/11
  1375 | D:2      | Learned a level 3 spell: Mephitic Cloud
  1378 | D:2      | Learned a level 2 spell: Call Imp
  1382 | D:2      | Learned a level 2 spell: Blink
  1386 | D:2      | Learned a level 3 spell: Conjure Flame
  1718 | D:2      | Reached skill level 1 in Armour
  1748 | D:2      | Reached skill level 1 in Fighting
  1755 | D:2      | Reached XP level 4. HP: 25/25 MP: 1/13
  2755 | D:3      | Reached skill level 6 in Spellcasting
  2755 | D:3      | Reached skill level 1 in Fire Magic
  2770 | D:3      | Reached XP level 5. HP: 28/29 MP: 10/15
  2977 | D:3      | Killed from afar by an orc wizard

Illustrated notes

Levels and vault maps discovered:
D:1:      psy_arrival_basics, layout_basic,
          hellmonk_ecumenical_altar_arch_garden, nrook_loot_triangle
D:2:      layout_loops_cross, serial_bayou_pond_b
D:3:      layout_basic, minmay_vboxes

Skill      XL: |  1  2  3  4 |
---------------+-------------+-----
Spellcasting   | 5 6 |  6.4
Armour         | 1 |  1.0
Fighting       | 1 |  1.0
Conjurations   | 2 |  2.8
Dodging        | 3 |  3.0
Fire Magic     | 1 |  1.0
Stealth        | |  2.9
Summonings     | |  1.1
Translocations | |  1.1
Air Magic      | |  0.8

Action                   |  1- 3 |  4- 6 || total
-------------------------+-------+-------++-------
Melee: Dagger            |    25 |    32 ||    57
 Cast: Magic Dart        |    99 |    31 ||   130
       Mephitic Cloud    |       |     6 ||     6
       Conjure Flame     |       |     3 ||     3
       Call Imp          |       |     2 ||     2
 Stab: Confused          |       |     6 ||     6
Armor: Leather armour    |     5 |     7 ||    12
Dodge: Dodged            |    24 |    28 ||    52

Table legend: (Time is in decaauts)
 A = Elapsed time spent in this place.
 B = Non-inter-level travel time spent in this place.
 C = Inter-level travel time spent in this place.
 D = Time resting spent in this place.
 E = Time spent auto-exploring this place.
 F = Levels seen in this place.
 G = Mean time per level.
                   A        B        C        D        E       F      G
               +--------+--------+--------+--------+--------+-----+--------+
         Total |   2979 |   2926 |     53 |    127 |   2407 |   3 |  993.0 |
       Dungeon |   2979 |   2926 |     53 |    127 |   2407 |   3 |  993.0 |
               +--------+--------+--------+--------+--------+-----+--------+

Top non-repeatable levels by time:
     D:2: 1447 daAuts
     D:1: 1211 daAuts
     D:3: 319 daAuts
